 Dungeon Crawl Stone Soup version 0.28.0-53-g5a82cb258f (webtiles) character file.

Game seed: 904300955717118262

403 Zeld the Ogre Mage (level 6, 0/53 HPs)
             Began as an Ogre Fire Elementalist on June 6, 2022.
             Was an Initiate of Gozag.
             Slain by a gnoll
             ... wielding a +0 halberd
              (11 damage)
             ... on level 4 of the Dungeon.
             The game lasted 00:03:50 (5008 turns).

Zeld the Ogre Mage (Ogre Fire Elementalist)         Turns: 5008, Time: 00:03:51

Health: 0/53       AC:  5    Str: 13    XL:     6   Next: 86%
Magic:  4/13       EV:  9    Int: 18    God:    Gozag
Gold:   46         SH:  0    Dex:  9    Spells: 5/15 levels left

rFire   + . .      SeeInvis .   c - +0 short sword (venom)
rCold   . . .      Faith    .   (no shield)
rNeg    . . .      Spirit   .   a - +1 robe "Itiz" {rF+ Slay+2}
rPois   .          Reflect  .   (helmet restricted)
rElec   .          Harm     .   n - +0 cloak
rCorr   .          Rampage  .   (gloves unavailable)
Will    .....                   (boots unavailable)
Stlth   +.........              (no amulet)
HPRegen 0.17/turn               (no ring)
MPRegen 0.13/turn               (no ring)

@: no status effects
A: large, unfitting armour, tough skin 1
a: Renounce Religion, Potion Petition, Call Merchant, Bribe Branch


You were on level 4 of the Dungeon.
You worshipped Gozag.
Gozag was noncommittal.
You visited 2 branches of the dungeon, and saw 5 of its levels.

You collected 179 gold pieces.
You spent 70 gold pieces at shops.
You paid 63 gold pieces to Gozag.

Inventory:

Hand Weapons
 c - a +0 short sword of venom (weapon)
Armour
 a - the +1 robe "Itiz" (worn) {rF+ Slay+2}
   (You found it on level 4 of the Dungeon)

   Slay:      It affects your accuracy & damage with ranged weapons and melee
   (+2).
   rF:        It protects you from fire.
 n - a +0 cloak (worn)
Wands
 l - a wand of flame (27)
Scrolls
 d - a scroll of teleportation {unknown}
 e - 2 scrolls of magic mapping {unknown}
 f - a scroll of acquirement {unknown}
 g - 4 scrolls of identify
 h - a scroll of fog {unknown}
 j - 2 scrolls of enchant armour {unknown}
 k - a scroll of noise {unknown}
Potions
 b - a potion of haste {unknown}
 i - 2 potions of flight
 m - a potion of might {unknown}
 o - a potion of magic {unknown}


   Skills:
 - Level 1.7 Dodging
 - Level 1.4 Stealth
 * Level 5.3 Spellcasting
 + Level 2.7 Conjurations
 * Level 4.7 Fire Magic


You had 5 spell levels left.
You knew the following spells:

 Your Spells              Type           Power      Damage    Failure   Level
a - Foxfire               Conj/Fire      72%        2x1d7     2%          1
b - Scorch                Fire           42%        2d7       2%          2
c - Inner Flame           Hex/Fire       13%        N/A       14%         3
d - Flame Wave            Conj/Fire      18%        2d6       28%         4

Your spell library contained the following spells:

 Spells                   Type           Power      Damage    Failure   Level
 Conjure Flame            Conj/Fire      18%        6-21      9%          3


Dungeon Overview and Level Annotations

Branches:
Dungeon (4/15)             Temple (1/1) D:4

Altars:
Ashenzari
Dithmenos
Elyvilon
Gozag
Nemelex Xobeh
Qazlal
Sif Muna
Xom
Yredelemnul
The Shining One

Shops:
D:4 *[[


Innate Abilities, Weirdness & Mutations

You are too large for most types of armour.
You have tough skin. (AC +1)


Message History

The gnoll hits you from afar with a +0 halberd!
Unknown command.
The foxfire hits the gnoll.
The gnoll is burned terribly!
The gnoll is moderately wounded.
The foxfire hits the gnoll!
The gnoll is burned terribly!
The gnoll is almost dead.
The gnoll is no longer more vulnerable to fire.
The gnoll is no longer more vulnerable to fire.
The gnoll barely misses you.
Casting: Foxfire (safe; 2% risk of failure)
Confirm with . or Enter, or press ? or * to list all spells.
You conjure some foxfire!
The gnoll closely misses you. The gnoll barely misses you.
Your foxfire dissipates!
The foxfire hits the gnoll.
The gnoll is almost dead.
The gnoll hits you from afar with a +0 halberd!
The gnoll shaman shouts!
The gnoll hits you from afar with a +0 halberd.
There is an open door here.
There is an open door here.
The gnoll shaman hits you with a +0 whip!
A quokka comes into view.
The gnoll shaman calls upon its god to speed up the gnoll.
The gnoll seems to speed up.
The quokka twitches its whiskers.
There is an entrance to Pomuemod's Armour Shoppe here.
The quokka twitches its whiskers.
The gnoll shaman calls upon its god to heal the gnoll.
The gnoll is healed somewhat.
The gnoll hits you from afar with a +0 halberd.
* * * LOW HITPOINT WARNING * * *
The quokka barely misses you. The quokka completely misses you.
The gnoll hits you from afar with a +0 halberd.
* * * LOW HITPOINT WARNING * * *
The quokka completely misses you.
The gnoll hits you from afar with a +0 halberd!
You die...
Your body crumbles into a pile of gold.

()..............#...##...##.....
.#.[.#..#...#.#.......[.........
..#.#...#.....###......>........
...∩g.g.g.#.....#.#..........>..
..#.#..##g#####.#...##...##.....
.#...#.##.# #.##..##...##....
.......##.# #..#.............
#########.######...<....÷......
# ##$.....g.g..r@......#.......
###...$.......g..##...........#
..........................#...#
##...............###.#..#......
##...............# #....###...#
##...............# ##....# ...#
##...............# ##### ..
##...........[...#
##.............##


You could see a gnoll shaman, 2 gnolls and a quokka.

Vanquished Creatures
  Pargi (D:3)
  A phantom (D:4)
  A water moccasin zombie (D:3)
  Crazy Yiuf (D:3)
  Robin (D:2)
  4 gnolls
  2 adders
  A worm (D:2)
  4 dart slugs
  An orc (D:4)
  8 ball pythons
  7 endoplasms
  4 giant cockroaches (D:1)
  13 goblins
  8 hobgoblins
  3 quokkas
  3 bats
  2 frilled lizards
  6 kobolds
  3 rats
74 creatures vanquished.

Vanquished Creatures (others)
  48 foxfires
48 creatures vanquished.

Grand Total: 122 creatures vanquished

Notes
Turn   | Place    | Note
-------+----------+-------------------------------------------
     0 | D:1      | Zeld the Ogre Fire Elementalist began the quest for the
                  | Orb.
     0 | D:1      | Reached XP level 1. HP: 16/16 MP: 3/3
    75 | D:1      | Reached skill level 1 in Conjurations
   226 | D:1      | Reached XP level 2. HP: 16/24 MP: 1/5
   468 | D:1      | Learned a level 2 spell: Scorch
   488 | D:1      | Reached skill level 3 in Spellcasting
   611 | D:1      | Reached XP level 3. HP: 25/31 MP: 7/7
   615 | D:1      | Learned a level 3 spell: Inner Flame
  1893 | D:2      | Found a faded altar of an unknown god.
  1921 | D:2      | Reached XP level 4. HP: 33/39 MP: 2/9
  2147 | D:2      | Noticed Robin
  2411 | D:1      | Learned a level 4 spell: Flame Wave
  2503 | D:2      | Killed Robin
  3141 | D:3      | Found a stormy altar of Qazlal.
  3202 | D:3      | Noticed Pargi
  3253 | D:3      | Killed Pargi
  3254 | D:3      | Reached skill level 4 in Spellcasting
  3254 | D:3      | Reached XP level 5. HP: 13/45 MP: 1/11
  3599 | D:3      | Found a runed translucent door.
  3600 | D:3      | Noticed Crazy Yiuf
  3644 | D:3      | Reached XP level 6. HP: 35/53 MP: 5/13
  3920 | D:3      | Killed Crazy Yiuf
  4227 | D:4      | Found a staircase to the Ecumenical Temple.
  4240 | Temple   | Entered the Ecumenical Temple
  4362 | Temple   | Became a worshipper of Gozag Ym Sagoz the Greedy
  4466 | D:4      | Reached skill level 5 in Spellcasting
  4828 | D:4      | Found Ulirph's Armour Shop.
  4854 | D:4      | Found Pomuemod's Armour Shoppe.
  4861 | D:4      | Identified the +1 robe "Itiz" {rF+ Slay+2}
  4924 | D:4      | Found Hoppok's General Store.
  4930 | D:4      | Bought a scroll of identify for 28 gold pieces
  4930 | D:4      | Bought a potion of flight for 42 gold pieces
  5008 | D:4      | Slain by a gnoll

Illustrated notes

Levels and vault maps discovered:
D:1:      minmay_arrival_cross, layout_basic
D:2:      layout_loops_cross, hellmonk_ecumenical_altar_arch_garden,
          kennysheep_generic_room_13, uniq_robin
D:3:      layout_loops_ring, mainiacjoe_overflow_brackets,
          uniq_crazy_yiuf_cottage, uniq_pargi
D:4:      minmay_diamond_boxcup, layout_rooms, slow_altar_2,
          general_overflow_altar, minmay_temple_entry_stoned_glass,
          serial_shops, shop, nicolae_diamond_shop,
          nicolae_shop_advertising_works [nicolae_subvault_shop_adworks],
          nicolae_shop_behind_doors
Temple:   nicolae_temple_figure_zero

Skill      XL: |  1  2  3  4  5  6 |
---------------+-------------------+-----
Conjurations   | 1 2 |  2.7
Fire Magic     | 3 4 |  4.7
Spellcasting   | 3 4 5 |  5.3
Dodging        | |  1.7
Stealth        | |  1.4

Action                   |  1- 3 |  4- 6 || total
-------------------------+-------+-------++-------
Melee: Unarmed           |    16 |       ||    16
       Short sword       |    48 |    28 ||    76
 Cast: Foxfire           |    18 |    14 ||    32
       Scorch            |    16 |    54 ||    70
 Stab: Sleeping          |       |     1 ||     1
Armor: Robe              |    29 |    32 ||    61
Dodge: Dodged            |    47 |    56 ||   103
